 Dungeon Crawl Stone Soup version 0.31-a0-345-g1ebeae05c6 (webtiles) character file.

Game seed: 6057884722008525559

470 hashsling the Shield-Bearer (level 7, -12/55 HPs)
             Began as a Human Fighter on Aug 18, 2022.
             Was an Initiate of Elyvilon.
             Mangled by an ogre
             ... wielding a +0 giant spiked club
              (26 damage)
             ... on level 5 of the Dungeon on July 22, 2023.
             The game lasted 00:21:51 (4673 turns).

hashsling the Shield-Bearer (Human Fighter)         Turns: 4673, Time: 00:21:51

Health: -12/55     AC:  9    Str: 19    XL:     7   Next: 31%
Magic:  2/2        EV:  9    Int:  8    God:    Elyvilon [......]
Gold:   241        SH:  5    Dex: 12    Spells: 6/6 levels left

rFire   . . .        q - +2 spear (antimagic)
rCold   . . .        c - +0 buckler
rNeg    . . .        b - +0 scale mail
rPois   +            (no helmet)
rElec   .            y - +0 cloak
rCorr   .            (no gloves)
SInv    .            l - +0 pair of boots
Will    .....        (no amulet) Stlth
                     r - ring of poison resistance
HPRegen 0.29/turn    (no ring)
MPRegen 0.08/turn

%: no passive effects
@: no status effects
A: no striking features
a: Renounce Religion


You were on level 5 of the Dungeon.
You worshipped Elyvilon.
Elyvilon was noncommittal.
You visited 2 branches of the dungeon, and saw 6 of its levels.

You collected 241 gold pieces.

Inventory:

Hand Weapons
 a - a +1 long sword
 j - a +0 falchion
 q - a +2 antimagic spear (weapon)
 x - a +0 short sword
Missiles
 d - a throwing net
 g - 49 stones (quivered)
Armour
 b - a +0 scale mail (worn)
 c - a +0 buckler (worn)
 k - an orb of energy
 l - a +0 pair of boots (worn)
 y - a +0 cloak (worn)
Jewellery
 r - a ring of poison resistance (left hand)
Wands
 t - a wand of roots (7)
Scrolls
 e - a scroll of teleportation
 f - a scroll of butterflies {unknown}
 h - a scroll of vulnerability {unknown}
 i - a scroll of enchant weapon
 o - 2 scrolls of amnesia {unknown}
Potions
 m - 2 potions of mutation
 n - a potion of lignification
 p - a potion of ambrosia
 u - a potion of enlightenment {unknown}
 z - a potion of attraction {unknown}
 A - a potion of invisibility {unknown}
 B - 2 potions of curing {unknown}


   Skills:
 + Level 4.6 Fighting
 + Level 4.0 Long Blades
 + Level 4.6 Armour
 + Level 4.6 Shields
 + Level 0.0 Evocations


You had 6 spell levels left.
You didn't know any spells.
Your spell library contained the following spells:

 Spells                   Type           Power      Damage    Failure   Level
 Static Discharge         Conj/Air       0%         2-2/arc   93%         2
 Wereblood                Tmut           0%         N/A       93%         2
 Dispel Undead            Necr           0%         3d6       100%        4
 Sticky Flame             Conj/Fire      0%         2d3       100%        4


Dungeon Overview and Level Annotations

Branches:
Dungeon (5/15)             Temple (1/1) D:5

Altars:
Ashenzari
Cheibriados
Dithmenos
Elyvilon
Kikubaaqudgha
Qazlal
Ru
Sif Muna
Trog
Uskayaw
Vehumet
Yredelemnul


Message History

Unknown command.
Aiming: Mindburst
Press: ? - help, Q - select action, (/) - cycle Shift-Dir - straight line, f - white imp
Aim: a white imp (chance to affect: 72%)
The white imp's mind is blasted!
You blow up the white imp!
An ogre comes into view. It is wielding a +0 giant spiked club.
Aiming: Mindburst
Press: ? - help, Q - select action, (/) - cycle Shift-Dir - straight line, f - ogre
Aim: an ogre, wielding a +0 giant spiked club (chance to affect: 64%)
The ogre's mind is blasted!
A black bear comes into view.
Aiming: Mindburst
Press: ? - help, Q - select action, (/) - cycle Shift-Dir - straight line, f/p - ogre
Aim: an ogre, wielding a +0 giant spiked club (heavily wounded, chance to affect: 64%)
The ogre struggles to resist.
The now-empty wand crumbles to dust.
Unknown command.
Really attack while wielding nothing? [Y]es or [N]o only, please.
Really attack while wielding nothing?
Okay, then.
You feel magic leave you.
q - a +2 antimagic spear (weapon)
The ogre hits you with a +0 giant spiked club!
You barely miss the ogre.
The ogre is heavily wounded.
The ogre hits you with a +0 giant spiked club!!
You barely miss the black bear.
The black bear bites you but does no damage.
You block the black bear's attack.
The black bear claws you but does no damage.
The black bear attacks as you move away!
The black bear bites you.
* * * LOW HITPOINT WARNING * * *
The black bear claws you.
* * * LOW HITPOINT WARNING * * *
You block the black bear's attack. The ogre attacks as you move away!
The ogre hits you with a +0 giant spiked club!!
You die...

#............##
##.........##
#.............# #.....#..##
#.............## #####..###
#......[.>.....# ##..## .##
#..............# ##..##
...##..............####...#
#................###.....#
#..............##..♣.♣.#
##.........hO@......>..#
##.........#####..♣.♣.#
#.........# #......#
#.........## ##..####
##...#.....# ##..#
#..##.....# #..#
#.####....# ##.. ..#
##....# #.# #..# #....#


You could see a black bear and an ogre.

Vanquished Creatures
  A sky beast (D:3)
  An ice beast (D:5)
  An ogre (D:5)
  An iguana (D:4)
  5 gnolls
  4 adders
  A white imp (D:5)
  An adder zombie (D:2)
  2 worms (D:2)
  An orc (D:3)
  8 bats
  A bat zombie (D:2)
  7 endoplasms
  3 giant cockroaches
  13 goblins
  5 hobgoblins
  A quokka (D:1)
  2 ball pythons (D:1)
  A ball python skeleton (D:2)
  A ball python zombie (D:2)
  2 frilled lizards
  A giant cockroach zombie (D:2)
  9 kobolds
  6 rats
78 creatures vanquished.

Vanquished Creatures (others)
  A human (D:3)
1 creature vanquished.

Grand Total: 79 creatures vanquished

Notes
Turn   | Place    | Note
-------+----------+-------------------------------------------
     0 | D:1      | hashsling the Human Fighter began the quest for the Orb.
     0 | D:1      | Reached XP level 1. HP: 18/18 MP: 1/1
   278 | D:1      | Reached XP level 2. HP: 6/24 MP: 2/2
  1068 | D:2      | Reached XP level 3. HP: 29/29 MP: 3/3
  1344 | D:2      | Reached XP level 4. HP: 34/35 MP: 4/4
  1360 | D:2      | Identified the +1 robe of Zin's Anger {+Inv Str+2 Slay-4}
  1384 | D:2      | Found a faded altar of an unknown god.
  1752 | D:2      | Reached XP level 5. HP: 41/41 MP: 5/5
  2345 | D:3      | Found a bloodstained altar of Trog.
  2452 | D:3      | Found an ancient bone altar of Kikubaaqudgha.
  2453 | D:3      | Noticed a human
  2456 | D:3      | Killed a human
  2726 | D:3      | Found a stormy altar of Qazlal.
  2726 | D:3      | You fall into a shaft and drop 2 floors!
  2726 | D:5      | Entered Level 5 of the Dungeon
  2736 | D:4      | Found a broken altar of Ashenzari.
  3338 | D:4      | Noticed a sky beast
  3375 | D:3      | Killed a sky beast
  3376 | D:3      | Reached XP level 6. HP: 20/48 MP: 6/6
  4204 | D:5      | Noticed an ice beast
  4213 | D:5      | Killed an ice beast
  4214 | D:5      | Reached XP level 7. HP: 18/55 MP: 7/7
  4469 | D:5      | Found a staircase to the Ecumenical Temple.
  4478 | Temple   | Entered the Ecumenical Temple
  4486 | Temple   | Became a worshipper of Elyvilon the Healer
  4493 | Temple   | Upgraded the game from 0.29-a0-1065-g47a6bb87d6 to
                  | 0.31-a0-345-g1ebeae05c6
  4673 | D:5      | Mangled by an ogre

Illustrated notes

Levels and vault maps discovered:
D:1:      matt_arrival_los_fun, layout_loops_cross
D:2:      layout_loops_ring, serial_undead, serial_undead_d, serial_undead_b,
          serial_undead_e, serial_undead_f,
          shapermc_ecumenical_altar_mp_urbaneastern, kennysheep_generic_room_6
D:3:      layout_loops_corners, mainiacjoe_overflow_24_doors, tgw_kikubaaqudgha,
          trog_antimagical
D:4:      layout_cave_pools, nicolae_ashenzari_panopticon,
          chequers_serial_rivers_micro_c, corexii_checkpoint_b,
          minmay_misc_feat_columns, minmay_fountain_box
D:5:      layout_cave_pods, minmay_temple_entry_trees
Temple:   hellmonk_temple_micro_hex

Skill      XL: |  1  2  3  4  5  6  7 |
---------------+----------------------+-----
Long Blades    | 3 4 |  4.0
Fighting       | 4 |  4.6
Armour         | 4 |  4.6
Shields        | 4 |  4.6

Action                     |  1- 3 |  4- 6 |  7- 9 || total
---------------------------+-------+-------+-------++-------
  Melee: Long sword        |   113 |   157 |     3 ||   273
         Spear             |       |       |     2 ||     2
  Throw: Stone             |     1 |     3 |       ||     4
  Evoke: Wand              |       |     1 |     6 ||     7
    Use: Scroll            |     1 |     4 |       ||     5
         Potion            |       |     1 |       ||     1
 Armour: Scale mail        |    80 |    70 |     2 ||   152
  Dodge: Dodged            |    56 |    64 |     2 ||   122
  Block: Buckler           |    31 |    23 |     2 ||    56

Table legend: (Time is in decaauts)
 A = Elapsed time spent in this place.
 B = Non-inter-level travel time spent in this place.
 C = Inter-level travel time spent in this place.
 D = Time resting spent in this place.
 E = Time spent auto-exploring this place.
 F = Levels seen in this place.
 G = Mean time per level.
                   A        B        C        D        E       F      G
               +--------+--------+--------+--------+--------+-----+--------+
         Total |   4756 |   4685 |     71 |    460 |   3263 |   6 |  792.7 |
       Dungeon |   4732 |   4661 |     71 |    460 |   3263 |   5 |  946.4 |
        Temple |     24 |     24 |      0 |      0 |      0 |   1 |   24.0 |
               +--------+--------+--------+--------+--------+-----+--------+

Top non-repeatable levels by time:
     D:2: 1187 daAuts
     D:3: 1114 daAuts
     D:1: 1078 daAuts
     D:4: 1025 daAuts
     D:5: 326 daAuts
  Temple: 24 daAuts
